 Dungeon Crawl Stone Soup version 0.17-a0-2073-gde5cdba (webtiles) character file.

38124 graki42 the Spry (level 14, -5/99 HPs)
             Began as a Halfling Berserker on Oct 14, 2015.
             Was the Champion of Trog.
             Slain by a deep troll (22 damage)
             ... on level 3 of the Orcish Mines.
             The game lasted 01:35:06 (22306 turns).

graki42 the Spry (Halfling Berserker)              Turns: 22306, Time: 01:35:06

Health: -5/99      AC:  8    Str: 17    XL:     14   Next: 32%
Magic:  15/15      EV: 38    Int:  6    God:    Trog [******]
Gold:   2075       SH:  0    Dex: 24    Spells: 0 memorised, 13 levels left

rFire  + . .     SeeInvis .     y - +3 dagger (elec)
rCold  . . .     Clarity  .     n - +2 robe {MR+}
rNeg   + . .     SustAt   .     (shield restricted)
rPois  +         Gourm    .     l - +0 helmet
rElec  .         Spirit   .     b - +1 cloak {rPois}
rCorr  .         Warding  .     (no gloves)
rMut   .         Stasis   .     o - +0 pair of boots
MR     ++...                    Y - amulet of faith
Stlth  +++++.....               O - ring "Rotuif" {rF+ rN+}
                                h - +3 ring of slaying

@: agile, very slightly contaminated, hasted, very quick, very resistant to
hostile enchantments, quite stealthy
A: blink, mutation resistance 2, spit poison 1
a: Spit Poison, Blink, Burn Spellbooks, Berserk, Trog's Hand, Brothers in Arms,
Renounce Religion


You were on level 3 of the Orcish Mines.
You worshipped Trog.
Trog was exalted by your worship.
You were not hungry.

You visited 3 branches of the dungeon, and saw 18 of its levels.
You also visited: Labyrinth, Sewer, Ossuary and Ice Cave.

You collected 2219 gold pieces.
You spent 144 gold pieces at shops.

Inventory:

Hand Weapons
 r - a +4 antimagic quick blade
 v - the +7 rapier of Norhiheo {antimagic, MR+}
   (Trog gifted it to you on level 3 of the Orcish Mines)

   It disrupts the flow of magical energy around spellcasters and certain
   magical creatures (including the wielder).
   It affects your resistance to hostile enchantments.
 w - a +1 dagger of venom
 y - a +3 dagger of electrocution (weapon)
Missiles
 j - 2 throwing nets (quivered)
Armour
 b - a +1 cloak of poison resistance (worn)
 l - a +0 helmet (worn)
 n - a +2 robe of magic resistance (worn)
 o - a +0 pair of boots (worn)
 R - a +1 animal skin of cold resistance
Rods
 u - a +9 rod of clouds (13/13)
   (You took it off a minotaur in a labyrinth)
 Z - a +9 rod of ignition (11/11)
   (You found it in a labyrinth)
Jewellery
 h - a +3 ring of slaying (left hand)
 G - an uncursed ring of flight
 O - the ring "Rotuif" (right hand) {rF+ rN+}
   (You took it off a minotaur in a labyrinth)

   [ring of positive energy]

   It protects you from fire.
   It protects you from negative energy.
 T - an uncursed amulet of clarity
 Y - an amulet of faith (around neck)
Wands
 W - a wand of paralysis (12)
Scrolls
 e - a scroll of identify
 f - 4 scrolls of magic mapping
 k - 3 scrolls of fear
 m - a scroll of remove curse
 t - 2 scrolls of blinking
 x - 5 scrolls of fog
 L - 4 scrolls of teleportation
Potions
 a - a potion of resistance
 i - 2 potions of heal wounds
 p - 2 potions of cancellation
 s - 8 potions of curing
 B - a potion of haste
 F - 5 potions of flight
Miscellaneous
 I - a phantom mirror
Comestibles
 c - 13 bread rations
 d - 13 meat rations
 g - a beef jerky
 P - 7 royal jellies


   Skills:
 + Level 10.6 Fighting
 + Level 16.2 Short Blades
 + Level 0.7 Throwing
 + Level 2.3 Armour
 + Level 16.4 Dodging
 - Level 5.2 Stealth
 + Level 2.0 Evocations


You had 13 spell levels left.
You didn't know any spells.

Dungeon Overview and Level Annotations

Branches:
Dungeon (11/15)            Temple (0/1) D:6            Lair (3/8) D:9
 Spider (0/4) Lair:3          Orc (4/4) D:11            Elf (0/3) Orc:3
  Swamp: Lair:3-6    Shoals: Lair:3-6

Altars:
Dithmenos
Elyvilon
Fedhas
Nemelex Xobeh
Okawaru
Ru
Sif Muna
Trog
Zin
The Shining One
Beogh

Shops:
D:4 %   D:5 [   D:6 *   D:7 %   Orc:4 ?*


Innate Abilities, Weirdness & Mutations

You are small and have problems with some larger weapons.
You are somewhat resistant to both further mutation and mutation removal.
You can translocate small distances at will.
You can spit weak poison.


Message History

There is a stone staircase leading down, spattered with blood here.
You climb downwards.
The ogre completely misses you. The orc misses you.
There is a stone staircase leading up, spattered with blood here.
You completely miss the ogre. The deep troll completely misses you.
The deep troll claws you. The deep troll barely misses you.
The ogre completely misses you.
You hit the ogre.
There is a sudden explosion of sparks!
The ogre is heavily wounded.
The orc completely misses you. The ogre completely misses you.
You hit the ogre.
The ogre is severely wounded.
The deep troll bites you!
* * * LOW HITPOINT WARNING * * *
The deep troll closely misses you. x2
Unknown command.
The ogre completely misses you. The orc warrior misses you.
You climb upwards.
There is a stone staircase leading down, spattered with blood here.
The orc misses you. The ogre completely misses you. The deep troll bites you!!
You die...

##....#.......#.#.##
##.#..........#...###
##......#...........##
#...#..............#.#
##.##.............#...
######..##................#
##.##......................#
#...............[.[...#...##
##.##.#.#.O@o...[[....#...#
#####....O>T........###.##
##>##[o#.#...#.## ###
###############


You could see a deep troll, an orc warrior, 2 ogres and an orc.

Vanquished Creatures
  An orc warlord (Orc:4)
  A stone giant (Orc:3)
  A minotaur (Lab)
  Josephine (Orc:2)
  A hydra (Lair:2)
  Erica (D:8)
  An ogre mage (Orc:4)
  Urug (Lair:2)
  An orc knight (Orc:1)
  An ice statue (IceCv)
  2 hill giants (Orc:4)
  A griffon (Lair:1)
  2 cyclopes
  A gargoyle (Lab)
  2 spiny frogs
  2 centaur skeletons (D:11)
  A fire drake (Lair:3)
  11 polar bears (IceCv)
  10 trolls
  8 two-headed ogres
  The ghost of derrpe the Slasher, an amateur HESk (D:4)
  3 deep elf magi
  Sigmund (D:3)
  15 yaks
  A wyvern (D:9)
  A trapdoor spider (D:11)
  A hippogriff (Lair:1)
  6 wraiths
  A redback (Lair:3)
  2 hungry ghosts (D:8)
  Menkaure (D:7)
  25 wolves
  A basilisk (Lair:2)
  A warg (Orc:1)
  18 orc warriors
  6 water moccasins
  3 sky beasts
  11 ogres
  3 ice beasts
  2 black bears
  3 porcupines
  A centaur (D:10)
  4 crocodiles (Lair:2)
  2 big kobolds
  An earth elemental (Lab)
  A water moccasin zombie (D:8)
  A wyvern skeleton (D:10)
  10 giant frogs
  5 scorpions
  An electric eel (D:11)
  10 killer bees (D:10)
  2 giant frog zombies
  7 hounds
  5 crimson imps
  25 orc wizards
  A giant frog skeleton (D:11)
  5 jellies
  24 orc priests
  Natasha (twice) (D:3)
  4 iguanas
  5 worker ants
  2 mummies
  2 hound skeletons
  16 adders
  7 gnolls
  14 river rats
  A shadow imp (D:9)
  10 oozes
  2 adder zombies
  3 worms (D:2)
  4 giant geckos
  160 orcs
  A ball python (D:2)
  7 giant cockroaches
  3 goblins
  13 hobgoblins
  13 jackals
  6 bats
  4 giant newts
  3 gnoll skeletons (Ossuary)
  11 kobolds
  5 kobold skeletons (Ossuary)
  17 orc skeletons (Ossuary)
  6 quokkas
  10 rats
  A plant (Lair:2)
593 creatures vanquished.

Vanquished Creatures (collateral kills)
  A frost giant (IceCv)
  Nessos (Orc:3)
  The ghost of pk666 the Fighter, a journeyman MiFi of Okawaru (D:10)
  Harold (Orc:3)
  3 death yaks (IceCv)
  An unseen horror (D:10)
  7 polar bears (IceCv)
  3 yaks (IceCv)
  An ogre (Orc:3)
  An orc warrior (Orc:3)
  A scorpion (D:10)
  2 orc wizards (Orc:3)
  6 orcs (Orc:3)
29 creatures vanquished.

Vanquished Creatures (others)
  An orc wizard (Orc:3)
  2 jackals (D:11)
3 creatures vanquished.

Grand Total: 625 creatures vanquished

Notes
Turn   | Place    | Note
--------------------------------------------------------------
     0 | D:1      | graki42 the Halfling Berserker began the quest for the Orb.
     0 | D:1      | Reached XP level 1. HP: 15/15 MP: 1/1
   176 | D:1      | Reached XP level 2. HP: 20/20 MP: 2/2
   347 | D:1      | Found a glowing golden altar of the Shining One.
   526 | D:1      | Reached XP level 3. HP: 7/26 MP: 3/3
   530 | D:1      | Reached ** piety under Trog
  1548 | D:2      | Found a white marble altar of Elyvilon.
  1564 | D:2      | Reached XP level 4. HP: 31/31 MP: 4/4
  1567 | D:2      | Reached skill level 5 in Short Blades
  1819 | D:2      | Reached skill level 1 in Stealth
  1819 | D:2      | Reached XP level 5. HP: 32/36 MP: 5/5
  2202 | D:3      | Noticed Sigmund
  2219 | D:3      | Killed Sigmund
  2219 | D:3      | Reached skill level 6 in Short Blades
  2219 | D:3      | Reached XP level 6. HP: 43/43 MP: 6/6
  2253 | D:3      | Noticed Natasha
  2269 | D:3      | Killed Natasha
  2679 | D:3      | Reached XP level 7. HP: 45/48 MP: 7/7
  2826 | D:3      | Noticed Natasha
  2833 | D:3      | Killed Natasha
  2853 | D:4      | Found Ochoux's Food Emporium.
  2885 | D:4      | Reached *** piety under Trog
  3153 | D:4      | Reached skill level 5 in Dodging
  3322 | D:4      | Noticed derrpe's ghost (amateur HESk)
  3345 | D:4      | Killed derrpe's ghost
  3345 | D:4      | Reached skill level 7 in Short Blades
  3345 | D:4      | Reached XP level 8. HP: 38/54 MP: 8/8
  3628 | D:5      | Entered Level 5 of the Dungeon
  3768 | D:5      | Reached skill level 5 in Fighting
  4331 | D:5      | Found Minetwurph's Antique Armour Shop.
  4334 | D:5      | Bought an embroidered cloak for 144 gold pieces
  4439 | D:5      | You fall through a shaft!
  4451 | D:6      | Found a glowing drain.
  4457 | D:6      | Found a sand-covered staircase.
  4476 | Ossuary  | Entered an ossuary
  4680 | Ossuary  | Reached skill level 8 in Short Blades
  4752 | Sewer    | Entered a sewer
  4766 | Sewer    | Reached **** piety under Trog
  4927 | Sewer    | Reached XP level 9. HP: 59/61 MP: 9/9
  4952 | Sewer    | Found a white marble altar of Elyvilon.
  5195 | D:6      | Gained mutation: You can spit weak poison. [potion of mutation]
  5355 | D:6      | Found a bloodstained altar of Trog.
  5362 | D:6      | Found a sacrificial altar of Ru.
  5362 | D:6      | Found a sparkling altar of Nemelex Xobeh.
  5363 | D:6      | Found a shadowy altar of Dithmenos.
  5364 | D:6      | Found a deep blue altar of Sif Muna.
  5365 | D:6      | Found a glowing silver altar of Zin.
  5611 | D:6      | Found a staircase to the Ecumenical Temple.
  5623 | D:6      | Found Juriluk's Serpentskin Sales.
  6357 | D:5      | Found a glowing silver altar of Zin.
  6810 | D:7      | Found Hiaklume's Food Shop.
  6823 | D:7      | Noticed Menkaure
  6831 | D:7      | Killed Menkaure
  6831 | D:7      | Reached skill level 9 in Short Blades
  6997 | D:7      | Reached skill level 5 in Stealth
  7434 | D:8      | Noticed Erica
  7444 | D:8      | Killed Erica
  7444 | D:8      | Reached skill level 10 in Short Blades
  7444 | D:8      | Reached XP level 10. HP: 69/69 MP: 10/10
  8091 | D:9      | Reached skill level 11 in Short Blades
  8095 | D:9      | Reached ***** piety under Trog
  8168 | D:9      | Found a staircase to the Lair.
  8430 | D:9      | Reached skill level 10 in Dodging
  8432 | D:9      | Found a bloodstained altar of Trog.
  8469 | D:9      | Got a scorched mace
  8472 | D:9      | Identified the +5 mace of Henniock {venom, Str+4} (You found it on level 9 of the Dungeon)
  8538 | D:9      | Found an iron altar of Okawaru.
  9235 | D:9      | Reached XP level 11. HP: 73/75 MP: 11/11
  9381 | D:10     | Entered Level 10 of the Dungeon
  9413 | D:10     | Noticed pk666's ghost (journeyman MiFi)
  9892 | D:10     | Reached skill level 12 in Short Blades
  9967 | D:10     | Received a gift from Trog
 10766 | D:10     | Killed an unseen horror
 11035 | D:10     | Found a blossoming altar of Fedhas.
 11083 | D:10     | Killed pk666's ghost
 11465 | D:11     | Found a labyrinth entrance.
 11481 | Lab      | Entered a labyrinth
 11621 | Lab      | Noticed a minotaur
 11628 | Lab      | HP: 3/78 [minotaur/rod of clouds (16)]
 11648 | Lab      | Killed a minotaur
 11684 | Lab      | Got a vibrating silver ring
 11702 | Lab      | Identified the ring "Rotuif" {rF+ rN+} (You took it off a minotaur in a labyrinth)
 11737 | Lab      | Identified a +8 rod of clouds (11/11) (You took it off a minotaur in a labyrinth)
 11738 | Lab      | Identified a +9 rod of ignition (11/11) (You found it in a labyrinth)
 12702 | D:11     | Reached XP level 12. HP: 84/84 MP: 4/12
 12725 | D:11     | Reached skill level 13 in Short Blades
 12744 | D:11     | Gained mutation: You can translocate small distances at will. [potion of mutation]
 12744 | D:11     | Gained mutation: You are somewhat resistant to both further mutation and mutation removal. [potion of mutation]
 12873 | D:11     | Found a staircase to the Orcish Mines.
 13262 | Lair:1   | Entered Level 1 of the Lair of Beasts
 14378 | Lair:2   | Noticed Urug
 14382 | Lair:2   | Found a frozen archway.
 14392 | Lair:2   | Received a gift from Trog
 14407 | Lair:2   | Killed Urug
 14423 | IceCv    | Entered an ice cave
 14654 | IceCv    | Reached skill level 14 in Short Blades
 15445 | IceCv    | Reached XP level 13. HP: 90/90 MP: 4/13
 15573 | IceCv    | Noticed a death yak
 15579 | IceCv    | Killed a death yak
 15668 | IceCv    | Noticed a death yak
 15668 | IceCv    | Noticed a frost giant
 15668 | IceCv    | Noticed a death yak
 15677 | IceCv    | Killed a frost giant
 15683 | IceCv    | Killed a death yak
 15683 | IceCv    | Reached skill level 15 in Short Blades
 15687 | IceCv    | Killed a death yak
 15687 | IceCv    | Reached skill level 1 in Evocations
 15690 | IceCv    | Reached skill level 10 in Fighting
 15718 | IceCv    | Identified the Tome of Objectivity
 16321 | Lair:2   | Reached ****** piety under Trog
 16387 | Lair:2   | Noticed a six-headed hydra
 16400 | Lair:2   | Killed a six-headed hydra
 16957 | Lair:3   | Found a hole to the Spider Nest.
 17986 | Orc:1    | Entered Level 1 of the Orcish Mines
 18073 | Orc:1    | Received a gift from Trog
 18111 | Orc:1    | Reached skill level 15 in Dodging
 18388 | Orc:1    | Received a gift from Trog
 19145 | Orc:2    | Noticed Josephine
 19157 | Orc:2    | Killed Josephine
 19333 | Orc:2    | Received a gift from Trog
 19490 | Orc:2    | Found a roughly hewn altar of Beogh.
 19895 | Orc:3    | Noticed Nessos
 19902 | Orc:3    | Noticed a stone giant
 19920 | Orc:3    | Killed a stone giant
 19935 | Orc:3    | Noticed Harold
 19939 | Orc:3    | Killed Harold
 19948 | Orc:3    | Killed Nessos
 20360 | Orc:3    | Received a gift from Trog
 20800 | Orc:3    | Found a staircase to the Elven Halls.
 21062 | Orc:4    | Entered Level 4 of the Orcish Mines
 21161 | Orc:3    | Reached skill level 16 in Short Blades
 21161 | Orc:3    | Reached XP level 14. HP: 54/99 MP: 15/15
 21530 | Orc:4    | Found Huuthrot's General Store.
 21541 | Orc:4    | Found Qualaf's Magic Scroll Emporium.
 21578 | Orc:4    | Noticed an orc warlord
 21587 | Orc:3    | Received a gift from Trog
 21588 | Orc:3    | Got an ancient rapier {god gift}
 21593 | Orc:3    | Identified the +7 rapier of Norhiheo {antimagic, MR+} (Trog gifted it to you on level 3 of the Orcish Mines)
 21818 | Orc:4    | Killed an orc warlord
 22306 | Orc:3    | Slain by a deep troll

Vault maps used:
D:1:      scummos_arrival_simple_fountains, tso_metal_star
D:2:      overflow_temple_1_default, kennysheep_generic_room_9
D:3:      uniq_natasha, uniq_sigmund
D:4:      serial_shops, shop
D:5:      serial_shops, kennysheep_mini, first_bread, basic_altar
D:6:      minitemple, minmay_temple_entry_purple_smoke, gup_sewer_entry_glass,
          serial_co_window_serial, co_window_corner_a,
          co_window_of_opportunity_a, co_window_paths_a, co_window_corner_a,
          co_window_paths_a, co_window_broadway_b, co_window_broadway_b,
          co_window_of_opportunity_c, co_window_2corner, co_window_4corner_b,
          glass_columns_a, gup_ossuary_entry_pyramid, guppyfry_shop_venom
D:7:      serial_shops, shop, bh_walls_and_bars, uniq_menkaure
D:8:      uniq_erica
D:9:      lair_0_dummy, basic_altar, hangedman_little_slice_of_home,
          abandoned_shop, okawaru_trees_1
D:10:     fedhas_altar_2
D:11:     david_orc_4, lab_entry_generic, fountainhead,
          hangedman_decor_clover_reticule
Lair:2:   portal_ice_cave_entry_pillars_01, st_stairs_6, grunt_megastairs_4,
          serial_bayou_shore_b, uniq_urug
Lair:3:   spider_nest_entry_rubble, serial_forest,
          infiniplex_forest_clump_curved, infiniplex_forest_end_3,
          infiniplex_forest_lined_2, infiniplex_forest_clump_C,
          infiniplex_forest_lined_3, infiniplex_forest_clump_C,
          infiniplex_forest_clump_diagonal, infiniplex_forest_lined_room_2,
          minivault_24, eino_small_chamber_without_monster
Orc:1:    cheibrodos_orc_bank
Orc:2:    basic_altar, uniq_josephine
Orc:3:    nicolae_orc_pool_cavern, uniq_nessos, uniq_harold
Orc:4:    st_orc_open, guppyfry_library_mini
Lab:      labyrinth_mini_lab, nicolae_lab_x, labyrinth_skeletal_remains,
          labyrinth_glass_1, nicolae_lab_very_dead_end
Sewer:    sewer_kobolds
Ossuary:  ossuary_due_mausoleum
IceCv:    ice_cave_caverns_01

Action                   |  1- 3 |  4- 6 |  7- 9 | 10-12 | 13-15 || total
-------------------------+-------+-------+-------+-------+-------++-------
Melee: Short sword       |   125 |   108 |   497 |   587 |   354 ||  1671
       Rapier            |       |       |       |   329 |       ||   329
       Quick blade       |       |       |       |       |   174 ||   174
       Dagger            |       |       |       |       |   291 ||   291
Throw: Throwing net      |       |       |       |     5 |       ||     5
Invok: Berserk           |     4 |     3 |     5 |    18 |    11 ||    41
       Trog's Hand       |       |       |     1 |       |     3 ||     4
       Brothers in Arms  |       |       |       |     3 |     3 ||     6
 Abil: Spit Poison       |       |       |       |     2 |       ||     2
       Evoke Flight      |       |       |       |     3 |       ||     3
       Blink             |       |       |       |       |     1 ||     1
Evoke: Rod               |       |       |       |     3 |     7 ||    10
       Wand              |       |       |       |     2 |       ||     2
  Use: Potion            |       |       |     5 |     8 |     3 ||    16
       Scroll            |       |       |    14 |     7 |    12 ||    33
 Stab: Sleeping          |     1 |       |    16 |    18 |    12 ||    47
       Distracted        |       |       |     1 |     3 |     1 ||     5
       Held in net/web   |       |       |       |     2 |       ||     2
       Confused          |       |       |       |     3 |     1 ||     4
  Eat: Chunk             |     4 |     4 |    19 |    35 |    36 ||    98
       Beef jerky        |     1 |       |       |     2 |     2 ||     5
       Pizza             |       |     2 |       |     1 |       ||     3
       Fruit             |       |       |     3 |     2 |       ||     5
       Royal jelly       |       |       |       |     4 |       ||     4
